 Dungeon Crawl Stone Soup version 0.28.0-53-g5a82cb258f (webtiles) character file.

Game seed: 2128736256994568937

20 Descartes the Charlatan (level 2, -2/18 HPs)
             Began as an Octopode Wanderer on June 11, 2022.
             Hit by a stone thrown by a gnoll (5 damage)
             ... on level 1 of the Dungeon.
             The game lasted 00:04:37 (1306 turns).

Descartes the Charlatan (Octopode Wanderer)         Turns: 1306, Time: 00:04:38

Health: -2/18      AC:  1    Str:  9    XL:     2   Next: 79%
Magic:  0/4        EV: 12    Int: 18    God:
Gold:   24         SH:  3    Dex:  9    Spells: 1/3 levels left

rFire   . . .      SeeInvis .   a - +0 club
rCold   . . .      Faith    .   b - +0 buckler
rNeg    . . .      Spirit   .   (helmet restricted)
rPois   .          Reflect  .   (no amulet)
rElec   .          Harm     .   (no ring)
rCorr   .          Rampage  .   (no ring)
Will    .....                   (no ring)
Stlth   ++........              (no ring)
HPRegen 0.06/turn               (no ring)
MPRegen 0.09/turn               (no ring)
                                (no ring)
                                (no ring)

@: no status effects
A: almost no armour, amphibious, 8 rings, camouflage 1, gelatinous body 1,
(nimble swimmer 1), tentacles
a: no special abilities


You were on level 1 of the Dungeon.
You visited 1 branch of the dungeon, and saw 1 of its levels.

You collected 24 gold pieces.

Inventory:

Hand Weapons
 a - a +0 club (weapon)
Missiles
 c - 26 stones (quivered)
 d - 19 bolts
Armour
 b - a +0 buckler (worn)
Potions
 e - a potion of heal wounds {unknown}


   Skills:
 - Level 1.0 Fighting
 + Level 0.8 Dodging
 + Level 1.4 Shields
 + Level 1.3 Spellcasting
 + Level 1.4 Conjurations
 - Level 3.0 Summonings
 + Level 0.8 Air Magic
 - Level 3.2 Evocations


You had one spell level left.
You knew the following spells:

 Your Spells              Type           Power      Damage    Failure   Level
a - Shock                 Conj/Air       20%        1d4       16%         1
b - Summon Small Mammal   Summ           48%        N/A       8%          1

Your spell library contained the following spells:

 Spells                   Type           Power      Damage    Failure   Level
 Call Canine Familiar     Summ           12%        N/A       22%         3
 Stone Arrow              Conj/Erth      6%         3d7       50%         3
 Summon Lightning Spire   Summ/Air       8%         N/A       75%         4


Dungeon Overview and Level Annotations

Branches:
Dungeon (1/15)

Altars:


Innate Abilities, Weirdness & Mutations

You cannot wear most types of armour.
You are amphibious.
You can wear up to eight rings at the same time.
Your skin changes colour to match your surroundings (Stealth+).
Your rubbery body absorbs attacks. (AC +1, EV +1)
((You are camouflaged when in or above water. (Stealth+)))
You have tentacles for arms and can constrict up to eight enemies at once.


Message History

Confirm with . or Enter, or press ? or * to list all spells.
The gnoll throws a stone.
The stone barely misses you.
Casting: Summon Small Mammal (safe; 8% risk of failure)
Confirm with . or Enter, or press ? or * to list all spells.
Aiming: Shock (safe; 16% risk of failure)
Press: ? - help, Shift-Dir - straight line, f - gnoll
Aim: a gnoll, wielding a +0 club and quivering stones (ally target, 69% to hit)
The zap hits the gnoll but does no damage.
The gnoll throws a stone.
The stone barely misses your bat. The stone completely misses you.
Your bat hits the gnoll but does no damage.
Your bat completely misses the gnoll.
The gnoll throws a stone.
You block the stone.
Your rat bites the gnoll but does no damage.
Your bat hits the gnoll but does no damage.
The gnoll hits your bat with a +0 club.
Your bat hits the gnoll but does no damage.
Your rat bites the gnoll but does no damage.
Your bat closely misses the gnoll.
Your bat hits the gnoll. The gnoll hits your bat with a +0 club!
Your bat dies!
Your bat's corpse disappears in a puff of smoke!
Your rat bites the gnoll.
You swap places.
The gnoll hits you with a +0 club!
Ouch! That really hurt!
You barely miss the gnoll. Your grab misses the gnoll.
Your squeeze misses the gnoll.
The gnoll is lightly wounded.
The gnoll hits you with a +0 club.
Your rat bites the gnoll but does no damage.
The gnoll throws a stone.
The stone hits you.
* * * LOW HITPOINT WARNING * * *
Your rat bites the gnoll.
Your rat bites the gnoll.
Casting: Shock (safe; 16% risk of failure)
Confirm with . or Enter, or press ? or * to list all spells.
Your rat barely misses the gnoll.
Your rat bites the gnoll.
The gnoll throws a stone.
The stone hits you.
You die...

..#.......................#.#
#.#.........###.........###.#
#.......................# #.#
###'######..###########.# #.#
#......# #..# #....#.# #.#
#......###..######.##.#.# #.#
'.........>........##.#.# #.#
#...............#####.#.# #.#
..#'#........rg.@.....#.# #.#
#.#.#........r..#####.#.# #.#
#.#.#...........# #.#.# #.#
..#.#...........# ###.# #.#
..#.#..##############.#.###.##
..#.#........................#
#.#.##.##...###########.######
#...#...'...'...#.......#
##..#..##...###.#.#######


You could see a gnoll (ally target) and 2 friendly rats.

Vanquished Creatures
  2 ball pythons (D:1)
  2 bats (D:1)
  2 giant cockroaches (D:1)
  3 goblins (D:1)
  2 kobolds (D:1)
  A frilled lizard (D:1)
  2 rats (D:1)
14 creatures vanquished.

Vanquished Creatures (collateral kills)
  A ball python (D:1)
  A hobgoblin (D:1)
  A bat (D:1)
  A kobold (D:1)
  2 rats (D:1)
6 creatures vanquished.

Grand Total: 20 creatures vanquished

Notes
Turn   | Place    | Note
-------+----------+-------------------------------------------
     0 | D:1      | Descartes the Octopode Wanderer began the quest for the
                  | Orb.
     0 | D:1      | Descartes set off with the following items: a +0 club, a +0
                  | buckler; and the following spells available to memorise:
                  | Summon Small Mammal, Shock, Call Canine Familiar, Stone
                  | Arrow, Summon Lightning Spire
     0 | D:1      | Reached XP level 1. HP: 13/13 MP: 2/2
     2 | D:1      | Learned a level 1 spell: Shock
     4 | D:1      | Learned a level 1 spell: Summon Small Mammal
   160 | D:1      | Reached XP level 2. HP: 18/18 MP: 0/3
  1306 | D:1      | Hit by a stone thrown by a gnoll

Illustrated notes

Levels and vault maps discovered:
D:1:      minmay_arrival_four_houses, layout_basic

Action                   || total
-------------------------++-------
Melee: Club              ||    24
       Tentacles         ||     7
       Constrict         ||     7
       Punch             ||     1
 Cast: Summon Small Mamm ||    24
       Shock             ||     6
Armor: Skin              ||     3
Dodge: Dodged            ||    22
Block: Buckler           ||     7
